 Dungeon Crawl Stone Soup version 0.28.0 (webtiles) character file.

Game seed: 415756840413694128

101 oldriver the Skirmisher (level 4, -2/30 HPs)
             Began as a Gargoyle Fighter on Feb 7, 2022.
             Killed by divine providence
             ... invoked by an orc priest
              (11 damage)
             ... on level 3 of the Dungeon.
             The game lasted 00:01:49 (2586 turns).

oldriver the Skirmisher (Gargoyle Fighter)          Turns: 2586, Time: 00:01:49

Health: -2/30      AC: 10    Str: 22    XL:     4   Next: 75%
Magic:  4/4        EV:  9    Int:  8    God:
Gold:   92         SH:  4    Dex:  9    Spells: 3/3 levels left

rFire   . . .      SeeInvis .   a - +0 flail
rCold   . . .      Faith    .   c - +0 buckler
rNeg    + . .      Spirit   .   b - +0 scale mail
rPois   ∞          Reflect  .   (no helmet)
rElec   +          Harm     .   (no cloak)
rCorr   .          Rampage  .   (no gloves)
Will    .....                   (no boots)
Stlth   ..........              (no amulet)
HPRegen 0.10/turn               (no ring)
MPRegen 0.09/turn               (no ring)

@: no status effects
A: sickness immunity, AC +3, negative energy resistance 1, electricity
resistance, torment resistance 1, petrification resistance
a: no special abilities


You were on level 3 of the Dungeon.
You visited 1 branch of the dungeon, and saw 3 of its levels.

You collected 92 gold pieces.

Inventory:

Hand Weapons
 a - a +0 flail (weapon)
Armour
 b - a +0 scale mail (worn)
 c - a +0 buckler (worn)
Scrolls
 e - a scroll of immolation {unknown}
 f - a scroll of blinking {unknown}
 g - 3 scrolls of identify {unknown}
 h - 2 scrolls of enchant weapon {unknown}
 i - a scroll of amnesia {unknown}
Potions
 d - a potion of might
 j - a potion of haste {unknown}
 k - 2 potions of berserk rage
 l - a potion of magic {unknown}


   Skills:
 + Level 4.7 Fighting
 + Level 3.6 Maces & Flails
 - Level 3.2 Armour
 - Level 3.2 Shields


You had 3 spell levels left.
You didn't know any spells.
Your spell library was empty.

Dungeon Overview and Level Annotations

Branches:
Dungeon (3/15)

Altars:
Makhleb


Innate Abilities, Weirdness & Mutations

You are immune to sickness and miasma.
Your stone body is resilient. (AC +3)
You are immune to poison.
You resist negative energy. (rN+)
You are resistant to electric shocks. (rElec)
You are resistant to unholy torment.
You are immune to petrification.


Message History

No target in view!
No target in view!
No target in view!
No target in view!
No target in view!
No target in view!
l - an inky potion
Things that are here:
a +0 dagger; a +0 robe An orc priest comes into view.
It is wielding a +0 trident.
The orc priest shouts!
An orc comes into view. It is wielding a +0 club.
An endoplasm comes into view.
An orc comes into view. It is wielding a +0 hand axe.
There are monsters nearby!
There are monsters nearby!
There are monsters nearby!
The orc shouts!
You hear a shout! x3
The orc priest invokes the aid of Beogh against you.
Beogh smites you!
Ouch! That really hurt!
You closely miss the orc. The orc barely misses you.
You are too injured to fight recklessly!
An orc comes into view. It is wielding a +0 club.
The orc shouts!
You block the orc's attack. The orc priest closely misses you.
You hit the orc priest but do no damage.
The orc completely misses you.
The orc priest hits you with a +0 trident.
You hit the orc priest but do no damage.
The orc hits you with a +0 hand axe.
* * * LOW HITPOINT WARNING * * *
The endoplasm hits you but does no damage.
The orc priest hits you but does no damage.
The orc hits you but does no damage. The endoplasm closely misses you.
Unknown command.
You barely miss the orc priest.
The orc priest invokes the aid of Beogh against you.
Beogh smites you!
You die...

### ..# #.# #####
oo#######.######...####
.o....................##
J##.####..####.........###
#.o..ooJ...............#
#..###o@####.........#)# #
#...# ##.>...#.##.#
#.#.####....##.##.#
#........#.###†##.#
..###...####.#.# #.##)#
.............#.# #.##l#
.####..)####.#.###.##.#
.......)..............#
######..####...........


You could see an orc priest, 3 orcs and an endoplasm.

Vanquished Creatures
  An iguana (D:2)
  3 gnolls (D:3)
  2 dart slugs
  An orc (D:2)
  2 endoplasms
  2 giant cockroaches
  A hobgoblin (D:1)
  5 jackals
  4 quokkas
  2 ball pythons (D:2)
  4 bats
  6 frilled lizards
  5 goblins
  2 kobolds
  6 rats
46 creatures vanquished.

Vanquished Creatures (others)
  6 plants (D:3)
6 creatures vanquished.

Grand Total: 52 creatures vanquished

Notes
Turn   | Place    | Note
-------+----------+-------------------------------------------
     0 | D:1      | oldriver the Gargoyle Fighter began the quest for the Orb.
     0 | D:1      | Reached XP level 1. HP: 14/14 MP: 1/1
   317 | D:1      | Reached XP level 2. HP: 17/19 MP: 2/2
   497 | D:1      | Found a faded altar of an unknown god.
  1224 | D:2      | Reached XP level 3. HP: 21/24 MP: 3/3
  1317 | D:2      | Reached skill level 4 in Fighting
  1320 | D:2      | Found a burning altar of Makhleb.
  1875 | D:2      | Reached XP level 4. HP: 15/30 MP: 4/4
  2586 | D:3      | Killed from afar by an orc priest

Illustrated notes

Levels and vault maps discovered:
D:1:      lemuel_arrival_muddy, layout_basic,
          shapermc_ecumenical_altar_notcrosses
D:2:      layout_basic, basic_altar, minmay_split_cup_large
D:3:      layout_loops_ring, nicolae_elyvilon_temple_path

Skill      XL: |  1  2  3 |
---------------+----------+-----
Fighting       | 4 |  4.7
Maces & Flails | 3 |  3.6
Armour         | |  3.2
Shields        | |  3.2

Action                   |  1- 3 |  4- 6 || total
-------------------------+-------+-------++-------
Melee: Flail             |   118 |    40 ||   158
  Use: Potion            |       |     1 ||     1
Armor: Scale mail        |    71 |    22 ||    93
Dodge: Dodged            |    66 |    23 ||    89
Block: Buckler           |    29 |     6 ||    35
